 Dungeon Crawl Stone Soup version 0.31.0-11-ge490571c62 (webtiles) character file.

Game seed: 12320198084260195214

121379 qw the Acrobat (level 16, -4/81 HPs)
             Began as a Spriggan Hunter on Feb 4, 2024.
             Was a High Priest of Okawaru.
             Slain by a demonic crawler (16 damage)
             ... on level 1 of the Spider Nest.
             The game lasted 00:02:32 (20128 turns).

qw the Acrobat (Spriggan Hunter)                   Turns: 20128, Time: 00:02:33

Health: -4/81      AC:  6    Str: 10    XL:     16   Next: 9%
Magic:  21/24      EV: 62    Int: 12    God:    Okawaru [*****.]
Gold:   135        SH:  5    Dex: 39    Spells: 15/15 levels left

rFire   + . .        v - +9 arbalest (flame)
rCold   + + +        (shield currently unavailable)
rNeg    . . .        w - +1 robe of the Twisting Gods {*Corrode +Blink rC+++ Dex+2}
rPois   +            (helmet restricted)
rElec   +            f - +2 cloak
rCorr   +            (gloves unavailable)
SInv    +            (boots unavailable)
Will    ++...        c - amulet of reflection
Stlth   +++          Y - +6 ring of dexterity
HPRegen 0.33/turn    C - ring of Makhleb, Smoking {Str+3 Dex+6}
MPRegen 0.19/turn

%: corrode self (3%), reflection
@: about to teleport, resistant, finesse-ful, slowed, quick
A: very small, no large weapons, unfitting armour, see invisible, speed 3
a: Renounce Religion, Evoke Blink, Heroism, Finesse, Duel


You were on level 1 of the Spider Nest.
You worshipped Okawaru.
Okawaru was extremely pleased with you.
You visited 5 branches of the dungeon, and saw 24 of its levels.
You visited 1 bazaar.

You collected 3123 gold pieces.
You spent 2988 gold pieces at shops.


Innate Abilities, Weirdness & Mutations

You are very small and have problems with some larger weapons.
You are too small for most types of armour.
You have supernaturally acute eyesight. (SInv)
You cover ground extremely quickly. (Speed+++)


   Skills:
 - Level 8.0 Fighting
 - Level 18.0 Ranged Weapons
 - Level 1.1 Armour
 + Level 24.1 Dodging
 - Level 1.5 Stealth
 - Level 10.0 Invocations


You had 15 spell levels left.
You didn't know any spells.
Your spell library was empty.

Inventory:

Hand Weapons
 v - a +9 arbalest of flaming (weapon)
Armour
 f - a +2 cloak (worn)
 w - the +1 robe of the Twisting Gods (worn) {*Corrode +Blink rC+++ Dex+2}
   (You found it on level 2 of the Lair of Beasts)

   Dex+2:     It affects your dexterity (+2).
   rC+++:     It renders you almost immune to cold.
   +Blink:    It lets you blink.
   *Corrode:  It may corrode you when you take damage.
 y - the +2 robe of the Evening {Regen+}
   (You found it on level 13 of the Dungeon)

   Regen+:    It increases your rate of health regeneration.
Jewellery
 a - a ring of willpower
 c - an amulet of reflection (around neck)
 h - an amulet of the acrobat
 C - the ring of Makhleb, Smoking (right hand) {Str+3 Dex+6}
   (You bought it in a shop in a bazaar)

   [ring of dexterity]

   Str+3:     It affects your strength (+3).
   Dex+6:     It affects your dexterity (+6).
 Y - a +6 ring of dexterity (left hand)
Wands
 n - a wand of paralysis (17)
 s - a wand of roots (10)
 u - a wand of polymorph (26)
 x - a wand of digging (4)
Scrolls
 g - 5 scrolls of teleportation
 o - 9 scrolls of enchant weapon
 p - 3 scrolls of identify
 q - 4 scrolls of enchant armour
Potions
 b - 19 potions of curing
 d - 10 potions of enlightenment
 e - 6 potions of might
 i - 2 potions of resistance
 k - 3 potions of mutation
 l - 2 potions of cancellation
 m - a potion of magic
 r - a potion of berserk rage {unknown}
 z - 4 potions of haste

Dungeon Overview and Level Annotations

Branches:
Dungeon (15/15)            Temple (1/1) D:7            Lair (5/5) D:10
 Shoals (0/4) Lair:3       Spider (1/4) Lair:3        Slime (0/5) Lair:4
    Orc (2/2) D:9             Elf (0/3) Orc:2        Vaults (0/5) D:13
 Depths (0/4) D:15

Altars:
Ashenzari
Cheibriados
Dithmenos
Elyvilon
Fedhas
Gozag
Hepliaklqana
Kikubaaqudgha
Makhleb
Nemelex Xobeh
Okawaru
Qazlal
Ru
Sif Muna
Trog
Uskayaw
Vehumet
Wu Jian
Xom
Yredelemnul
Zin
The Shining One
Jiyva

Shops:
D:6 [   Orc:2 *!*=!

Portals:
Trove: D:14 (give 7 scrolls of fear)

Annotations:
Spider:1 Nikola
Orc:1 1 transporter


Message History

Enter note:
Enter note: You shoot a bolt.
The bolt closely misses the death scarab.
The death scarab completely misses you.
The demonic crawler completely misses you.
The demonic crawler barely misses you.
The demonic crawler completely misses you.
20126 ||| RETREEEEATING.
You pick your way through the web.
The pharaoh ant completely misses you. The death scarab completely misses you.
The demonic crawler completely misses you. x3
A spark wasp comes into view.
There is a web here.
Enter note:
Enter note:
Enter note:
Enter note:
20127 ||| DRINKING 3 potions of resistance.
You feel protected. The death scarab completely misses you.
The death scarab bites you!! The death scarab drains your vigour!
You feel as though you will be slow longer.
The death scarab draws strength from your injuries!
The pharaoh ant completely misses you.
The demonic crawler completely misses you. x3
The death scarab completely misses you. You block the pharaoh ant's attack.
The demonic crawler completely misses you.
The demonic crawler hits you. x2
The spark wasp buzzes angrily.
20128 ||| READING 6 scrolls of teleportation.
As you read the scroll of teleportation, it crumbles to dust.
You feel strangely unstable.
You hear a chilling moan.
You block the death scarab's attack. The death scarab completely misses you.
The pharaoh ant completely misses you. The death scarab completely misses you.
The demonic crawler completely misses you. x3
The redback completely misses you. The pharaoh ant misses you.
The demonic crawler completely misses you.
The demonic crawler hits you!
You die...

#ss# ............
#%.'...#. .^
+^#..........
##.##.......
#.^.......... ###
#.....# ##.......... #
.....## ......... ##.
.s...## ....s..
#...#s#B^.# #....B.w#
#@s# . #s.#
#...^....... #.....?.#
#.s.........
#...#y#...##...........
##.......###...........
#.....## #...........
#.....# #..%........
....... #...[.......
...#^#.. #^.<........


You could see a spark wasp, a torpor snail, a demonic crawler, a wolf spider, a
pharaoh ant, a death scarab and 2 redbacks.

Vanquished Creatures
  Frances (Spider:1)
  Kirke (D:15)
  Donald (Spider:1)
  An emperor scorpion (Spider:1)
  An orc warlord (Orc:2)
  A broodmother (Spider:1)
  Nessos (D:15)
  An entropy weaver (D:13)
  A vault guard (D:13)
  An ogre mage (D:15)
  4 hydras
  3 catoblepae
  2 radroaches (Spider:1)
  Erica (D:8)
  A sphinx zombie (D:15)
  A death knight (D:14)
  A centaur warrior (D:13)
  A deep troll shaman (Lair:5)
  11 death yaks (Lair:5)
  A sphinx skeleton (D:15)
  2 boulder beetles
  4 two-headed ogres
  A vampire mage (D:15)
  A demonic crawler (Spider:1)
  2 tengu warriors
  An orc high priest (Orc:2)
  Sonja (D:13)
  A skyshark (Lair:2)
  3 skeletal warriors (D:15)
  2 pharaoh ants (Spider:1)
  Lodul (D:13)
  Amaemon (D:8)
  2 orb spiders (Spider:1)
  A sun moth (Spider:1)
  5 orc sorcerers
  3 wolf spiders (Spider:1)
  5 orc knights
  A necromancer (D:15)
  4 cyclopes
  21 ugly things
  4 manticores
  6 elephants (Lair:5)
  2 molten gargoyles (Lair:3)
  8 black mambas
  3 gargoyles
  An unseen horror (shapeshifter) (D:15)
  An orange demon (D:8)
  7 komodo dragons
  14 cane toads
  4 unseen horrors
  2 rime drakes
  4 tengu conjurers
  6 polar bears
  An efreet (D:13)
  2 ice devils (D:11)
  A freezing wraith (D:15)
  14 trolls
  9 tarantellas (Spider:1)
  9 saltlings (Orc:2)
  A tarantella (shapeshifter) (D:15)
  A wolf spider simulacrum (D:14)
  4 hornets
  7 dream sheep (Lair:5)
  A snapping turtle (Lair:3)
  A raiju (shapeshifter) (D:13)
  Sigmund (D:5)
  6 culicivoras (Spider:1)
  6 slime creatures
  25 blink frogs
  8 jumping spiders (Spider:1)
  A water elemental (Lair:3)
  A centaur simulacrum (D:15)
  3 hogs (D:15)
  39 yaks
  4 wargs
  2 wraiths
  4 wyverns
  6 basilisks
  4 humans (D:15)
  24 redbacks (Spider:1)
  A steam dragon (D:6)
  9 vampire mosquitoes
  2 acid dragons (D:11)
  15 water moccasins
  3 ice beasts
  11 orc warriors
  2 black bears
  A sky beast (D:7)
  11 ogres
  4 laughing skulls (D:13)
  19 wolves
  4 centaurs
  A phantom (D:5)
  A kobold brigand (D:12)
  2 gnoll sergeants
  13 bullfrogs
  3 scorpions
  11 wights
  8 killer bees (D:11)
  An electric eel (Lair:3)
  4 howler monkeys
  5 lava snakes (Lair:3)
  15 jellies (Lair:4)
  3 bombardier beetles
  4 hounds
  15 orc priests
  2 gnoll boudas (D:7)
  7 iguanas
  3 sleepcaps
  18 orc wizards
  5 hell rats (Lair:1)
  8 gnolls
  7 adders
  5 river rats (Lair:1)
  A shadow imp (D:6)
  A white imp (D:6)
  4 dart slugs
  61 orcs
  2 bats
  11 endoplasms
  2 giant cockroaches
  7 goblins
  8 hobgoblins
  11 kobolds
  A quokka (D:1)
  8 ball pythons
  6 frilled lizards
  11 rats
702 creatures vanquished.

Vanquished Creatures (others)
  2 redbacks (Spider:1)
2 creatures vanquished.

Grand Total: 704 creatures vanquished

Notes
Turn   | Place    | Note
-------+----------+-------------------------------------------
     0 | D:1      | qw the Spriggan Hunter began the quest for the Orb.
     0 | D:1      | Reached XP level 1. HP: 10/10 MP: 2/2
     0 | D:1      | 0 ||| qw: Version: 0.3-a-160-g6735b56
     0 | D:1      | 0 ||| qw: Game counter: 5054
     0 | D:1      | 0 ||| qw: Melee chars always use a shield: true
     0 | D:1      | 0 ||| qw: God list: Okawaru
     0 | D:1      | 0 ||| qw: Allow faded altars: false
     0 | D:1      | 0 ||| qw: Do Orc after clearing Dungeon:15 true
     0 | D:1      | 0 ||| qw: Do second Lair branch before Depths: true
     0 | D:1      | 0 ||| qw: Lair rune preference: random
     0 | D:1      | 0 ||| qw: Goals: Normal
     0 | D:1      | 0 ||| PLANNING D:1-11
    38 | D:1      | Reached skill level 3 in Dodging
   120 | D:1      | Reached XP level 2. HP: 14/14 MP: 3/3
   265 | D:1      | Reached skill level 4 in Dodging
   656 | D:1      | 656 ||| READING 2 scrolls labelled FEUZXESH KYAS.
   656 | D:1      | 656 ||| IDENTIFYING grey potion
   657 | D:1      | 657 ||| READING scroll of identify.
   657 | D:1      | 657 ||| IDENTIFYING clear potion
   658 | D:1      | 658 ||| READING scroll labelled PIMUUTWEANE.
   659 | D:1      | 659 ||| DRINKING 3 fuming red potions.
   660 | D:1      | 660 ||| DROPPING scroll of butterflies.
   661 | D:1      | 661 ||| DROPPING potion of invisibility.
   662 | D:1      | 662 ||| DROPPING potion of degeneration.
   771 | D:2      | Reached XP level 3. HP: 18/18 MP: 4/4
  1037 | D:2      | 1037 ||| DRINKING 2 orange potions.
  1103 | D:3      | Reached XP level 4. HP: 11/22 MP: 5/5
  1202 | D:3      | Found a sacrificial altar of Ru.
  1215 | D:3      | Reached skill level 5 in Dodging
  1517 | D:3      | Found a glowing golden altar of the Shining One.
  1523 | D:3      | 1523 ||| UPGRADING to +4 ring of protection.
  1524 | D:3      | 1524 ||| READING scroll of identify.
  1524 | D:3      | 1524 ||| IDENTIFYING bubbling emerald potion
  1525 | D:3      | 1525 ||| READING 2 scrolls labelled QUSICZ LOGA.
  1594 | D:3      | 1594 ||| READING scroll labelled JEATYS ZIREI.
  1634 | D:3      | 1634 ||| READING scroll labelled SAFYOQ JUU.
  1634 | D:3      | 1634 ||| ENCHANTING +0 shortbow.
  1677 | D:3      | Identified the +9 hand axe "Hydraslayer" {drain, Dex+3}
  2011 | D:4      | Reached XP level 5. HP: 26/26 MP: 6/6
  2013 | D:4      | Found a bloodstained altar of Trog.
  2515 | D:4      | Noticed an ogre
  2522 | D:4      | Killed an ogre
  2523 | D:4      | Reached skill level 6 in Ranged Weapons
  2523 | D:4      | Reached XP level 6. HP: 11/30 MP: 7/7
  2856 | D:4      | 2856 ||| READING scroll of identify.
  2856 | D:4      | 2856 ||| IDENTIFYING silvery potion
  2857 | D:4      | 2857 ||| READING scroll labelled QIAFO SOTOESOI.
  2984 | D:5      | Entered Level 5 of the Dungeon
  2993 | D:5      | Identified the +9 shortbow "Ylisin" {drain, Dex+3}
  2995 | D:5      | 2995 ||| SWAPPING to +9 shortbow "Ylisin" {drain, Dex+3}.
  2996 | D:5      | 2996 ||| DROPPING +0 shortbow.
  3037 | D:5      | Noticed an ice beast
  3041 | D:5      | Killed an ice beast
  3042 | D:5      | Reached skill level 6 in Dodging
  3077 | D:5      | Reached skill level 7 in Dodging
  3098 | D:5      | Noticed an ice beast
  3101 | D:5      | Killed an ice beast
  3102 | D:5      | Reached XP level 7. HP: 35/35 MP: 8/8
  3131 | D:5      | Reached skill level 8 in Dodging
  3152 | D:5      | Noticed Sigmund
  3161 | D:5      | Killed Sigmund
  3162 | D:5      | 3162 ||| FLEEEEING.
  3163 | D:5      | 3163 ||| FLEEEEING.
  3164 | D:5      | 3164 ||| FLEEEEING.
  3165 | D:5      | 3165 ||| FLEEEEING.
  3166 | D:5      | 3166 ||| FLEEEEING.
  3167 | D:5      | 3167 ||| FLEEEEING.
  3168 | D:5      | 3168 ||| FLEEEEING.
  3169 | D:5      | 3169 ||| FLEEEEING.
  3170 | D:5      | 3170 ||| FLEEEEING.
  3171 | D:5      | 3171 ||| FLEEEEING.
  3172 | D:5      | 3172 ||| FLEEEEING.
  3174 | D:5      | 3174 ||| FLEEEEING.
  3175 | D:5      | 3175 ||| FLEEEEING.
  3176 | D:5      | 3176 ||| FLEEEEING.
  3178 | D:5      | 3178 ||| FLEEEEING.
  3179 | D:5      | 3179 ||| FLEEEEING.
  3182 | D:5      | 3182 ||| FLEEEEING.
  3183 | D:5      | 3183 ||| FLEEEEING.
  3184 | D:5      | 3184 ||| FLEEEEING.
  3188 | D:5      | 3188 ||| FLEEEEING.
  3193 | D:5      | 3193 ||| FLEEEEING.
  3194 | D:5      | 3194 ||| FLEEEEING.
  3195 | D:5      | 3195 ||| FLEEEEING.
  3196 | D:5      | 3196 ||| FLEEEEING.
  3197 | D:5      | 3197 ||| FLEEEEING.
  3199 | D:5      | 3199 ||| FLEEEEING.
  3200 | D:5      | 3200 ||| FLEEEEING.
  3201 | D:5      | 3201 ||| FLEEEEING.
  3202 | D:5      | 3202 ||| FLEEEEING.
  3203 | D:5      | 3203 ||| FLEEEEING.
  3204 | D:5      | 3204 ||| FLEEEEING.
  3205 | D:5      | 3205 ||| FLEEEEING.
  3206 | D:5      | 3206 ||| FLEEEEING.
  3207 | D:5      | 3207 ||| STAIRDANCE
  3222 | D:4      | 3222 ||| READING scroll of identify.
  3222 | D:4      | 3222 ||| IDENTIFYING sedimented blue potion
  3223 | D:4      | 3223 ||| DROPPING potion of brilliance.
  3294 | D:5      | Reached XP level 8. HP: 39/39 MP: 9/9
  3301 | D:5      | 3301 ||| FLEEEEING.
  3303 | D:5      | 3303 ||| FLEEEEING.
  3304 | D:5      | 3304 ||| FLEEEEING.
  3306 | D:5      | 3306 ||| FLEEEEING.
  3310 | D:5      | 3310 ||| FLEEEEING.
  3311 | D:5      | 3311 ||| FLEEEEING.
  3318 | D:5      | Reached skill level 3 in Fighting
  3596 | D:5      | 3596 ||| READING scroll labelled LIRGHU NANUUPHAUC.
  3597 | D:5      | 3597 ||| READING 3 scrolls labelled YXZAOPR SAPN.
  3626 | D:6      | Reached skill level 9 in Dodging
  3648 | D:6      | 3648 ||| RETREEEEATING.
  3649 | D:6      | 3649 ||| RETREEEEATING.
  3659 | D:6      | HP: 4/38 [wight/+2 great sword (11)]
  3660 | D:6      | 3660 ||| READING 5 scrolls of teleportation.
  3661 | D:6      | 3661 ||| DRINKING 2 potions of heal wounds.
  3674 | D:6      | Reached skill level 9 in Ranged Weapons
  4071 | D:6      | Found Aguhuf's Armour Boutique.
  4076 | D:6      | 4076 ||| BUYING +0 cloak (63 gold).
  4076 | D:6      | Bought a +0 cloak for 63 gold pieces
  4076 | D:6      | 4076 ||| SHOPLISTING quicksilver dragon scales (840 gold,
                  | have 283).
  4226 | D:6      | Reached skill level 10 in Dodging
  4229 | D:6      | Reached XP level 9. HP: 44/44 MP: 10/10
  4420 | D:6      | 4420 ||| UPGRADING to +0 cloak.
  4425 | D:6      | 4425 ||| READING 2 scrolls of enchant armour.
  4425 | D:6      | 4425 ||| ENCHANTING +0 cloak.
  4426 | D:6      | 4426 ||| READING scroll of enchant armour.
  4426 | D:6      | 4426 ||| ENCHANTING +1 cloak.
  4427 | D:6      | 4427 ||| READING scroll labelled GEMEDGH NAYRI.
  4428 | D:6      | 4428 ||| DROPPING wand of flame (27).
  4499 | D:7      | Found a staircase to the Ecumenical Temple.
  4500 | D:7      | 4500 ||| PLANNING TEMPLE
  4512 | Temple   | Entered the Ecumenical Temple
  4513 | Temple   | 4513 ||| PLANNING OKAWARU WORSHIP
  4525 | Temple   | Became a worshipper of Warmaster Okawaru
  4526 | Temple   | 4526 ||| PLANNING D:1-11
  5263 | D:7      | Found a basalt altar of Yredelemnul.
  5371 | D:7      | 5371 ||| UPGRADING to ring of positive energy.
  5372 | D:7      | 5372 ||| DRINKING 2 sedimented purple potions.
  5373 | D:7      | 5373 ||| DROPPING potion of attraction.
  5447 | D:8      | Reached * piety under Okawaru
  5448 | D:8      | Reached skill level 11 in Dodging
  5457 | D:8      | Found a radiant altar of Vehumet.
  5473 | D:8      | Noticed Amaemon
  5473 | D:8      | Noticed an orange demon
  5474 | D:8      | 5474 ||| INVOKING Heroism.
  5477 | D:8      | 5477 ||| RETREEEEATING.
  5479 | D:8      | Killed an orange demon
  5487 | D:8      | Killed Amaemon
  5487 | D:8      | Reached ** piety under Okawaru
  5488 | D:8      | Reached skill level 3 in Invocations
  5591 | D:8      | Noticed Erica
  5592 | D:8      | 5592 ||| INVOKING Heroism.
  5599 | D:8      | Killed Erica
  5599 | D:8      | Reached *** piety under Okawaru
  5600 | D:8      | Reached XP level 10. HP: 51/51 MP: 11/14
  5762 | D:8      | 5762 ||| INVOKING Heroism.
  5763 | D:8      | Paralysed by a hornet for 3 turns
  6276 | D:8      | 6276 ||| UPGRADING to +5 ring of evasion.
  6278 | D:8      | 6278 ||| UPGRADING to +4 ring of protection.
  6280 | D:8      | 6280 ||| DROPPING ring of positive energy.
  6281 | D:8      | 6281 ||| READING scroll of identify.
  6281 | D:8      | 6281 ||| IDENTIFYING bubbling inky potion
  6324 | D:9      | Reached skill level 12 in Dodging
  6549 | D:9      | Reached **** piety under Okawaru
  6721 | D:9      | Found a staircase to the Orcish Mines.
  6952 | D:9      | 6952 ||| READING scroll of identify.
  6952 | D:9      | 6952 ||| IDENTIFYING glowing brown potion
  6957 | D:10     | Entered Level 10 of the Dungeon
  6962 | D:10     | 6962 ||| STAIRDANCE
  6967 | D:10     | 6967 ||| STAIRDANCE
  6978 | D:10     | 6978 ||| RETREEEEATING.
  6986 | D:10     | 6986 ||| RETREEEEATING.
  7018 | D:10     | Reached skill level 12 in Ranged Weapons
  7023 | D:10     | Found a staircase to the Lair.
  7059 | D:10     | Noticed a manticore
  7060 | D:10     | 7060 ||| INVOKING Finesse.
  7067 | D:10     | Killed a manticore
  7068 | D:10     | Reached skill level 6 in Invocations
  7111 | D:10     | Found an ornate altar of the Wu Jian Council.
  7129 | D:10     | Found a sparkling altar of Nemelex Xobeh.
  7143 | D:10     | 7143 ||| RETREEEEATING.
  7145 | D:10     | 7145 ||| RETREEEEATING.
  7147 | D:10     | 7147 ||| RETREEEEATING.
  7160 | D:10     | 7160 ||| RETREEEEATING.
  7167 | D:10     | Reached XP level 11. HP: 40/54 MP: 16/16
  7274 | D:10     | Reached ***** piety under Okawaru
  7275 | D:10     | Reached skill level 13 in Dodging
  7297 | D:10     | Found a stormy altar of Qazlal.
  7417 | D:10     | Found a hide-covered altar of Uskayaw.
  7666 | D:10     | 7666 ||| PLANNING LAIR
  7666 | D:10     | 7666 ||| READING scroll labelled TEOCUI WUDYB.
  7667 | D:10     | 7667 ||| READING scroll labelled OLUDAM VEJU.
  7668 | D:10     | 7668 ||| DRINKING 2 blue potions.
  7669 | D:10     | 7669 ||| DRINKING 4 potions of curing.
  7669 | D:10     | 7669 ||| (to cure confusion)
  7670 | D:10     | 7670 ||| DROPPING potion of ambrosia.
  7672 | D:10     | 7672 ||| Stepping ~*~*~tactically~*~*~ (cloud).
  7759 | Lair:1   | Entered Level 1 of the Lair of Beasts
  7817 | Lair:1   | 7817 ||| RETREEEEATING.
  7820 | Lair:1   | 7820 ||| RETREEEEATING.
  7821 | Lair:1   | 7821 ||| RETREEEEATING.
  7822 | Lair:1   | 7822 ||| RETREEEEATING.
  7823 | Lair:1   | 7823 ||| RETREEEEATING.
  7828 | Lair:1   | 7828 ||| RETREEEEATING.
  7832 | Lair:1   | 7832 ||| RETREEEEATING.
  7835 | Lair:1   | 7835 ||| RETREEEEATING.
  7842 | Lair:1   | 7842 ||| RETREEEEATING.
  7992 | Lair:1   | Reached ****** piety under Okawaru
  7994 | Lair:1   | 7994 ||| INVOKING Receive Weapon.
  7994 | Lair:1   | 7994 ||| ACQUIRING +9 arbalest of flaming
  7994 | Lair:1   | Acquired a +9 arbalest of flaming
  7994 | Lair:1   | Received a gift from Okawaru
  8003 | Lair:1   | Received a gift from Okawaru
  8046 | Lair:1   | 8046 ||| INVOKING Receive Armour.
  8046 | Lair:1   | 8046 ||| ACQUIRING +4 robe of Folly {Brill Will-∞ Int+8}
  8046 | Lair:1   | Acquired the +4 robe of Folly {Brill Will-∞ Int+8}
  8046 | Lair:1   | Received a gift from Okawaru
  8046 | Lair:1   | Found the +4 robe of Folly {Brill Will-∞ Int+8}
  8048 | Lair:1   | 8048 ||| SWAPPING to +9 arbalest of flaming.
  8049 | Lair:1   | 8049 ||| DROPPING +9 shortbow "Ylisin" {drain, Dex+3}.
  8050 | Lair:1   | 8050 ||| DROPPING +0 orcbow.
  8117 | Lair:1   | Reached skill level 9 in Invocations
  8483 | Lair:1   | Received a gift from Okawaru
  8502 | Lair:1   | Reached XP level 12. HP: 60/60 MP: 20/20
  8686 | Lair:1   | 8686 ||| UPGRADING to +4 robe of Folly {Brill Will-∞
                  | Int+8}.
  8696 | Lair:1   | 8696 ||| DROPPING +0 robe.
  8697 | Lair:1   | 8697 ||| READING 2 scrolls of identify.
  8697 | Lair:1   | 8697 ||| IDENTIFYING emerald potion
  8725 | Lair:2   | 8725 ||| STAIRDANCE
  8733 | Lair:2   | Reached skill level 14 in Dodging
  8971 | Lair:2   | 8971 ||| INVOKING Finesse.
  8973 | Lair:2   | 8973 ||| INVOKING Heroism.
  9101 | Lair:2   | 9101 ||| RETREEEEATING.
  9196 | Lair:2   | 9196 ||| RETREEEEATING.
  9204 | Lair:2   | Noticed a four-headed hydra
  9205 | Lair:2   | 9205 ||| INVOKING Finesse.
  9209 | Lair:2   | Received a gift from Okawaru
  9217 | Lair:2   | Killed a four-headed hydra
  9333 | Lair:2   | Identified the +1 robe of the Twisting Gods {*Corrode
                  | +Blink rC+++ Dex+2}
  9988 | Lair:2   | 9988 ||| UPGRADING to +1 robe of the Twisting Gods
                  | {*Corrode +Blink rC+++ Dex+2}.
  9998 | Lair:2   | 9998 ||| UPGRADING to ring of poison resistance.
 10000 | Lair:2   | 10000 ||| READING scroll of identify.
 10000 | Lair:2   | 10000 ||| IDENTIFYING fizzy grey potion
 10001 | Lair:2   | 10001 ||| READING scroll labelled TILIDIK GUGAYLIEG.
 10005 | Lair:3   | 10005 ||| STAIRDANCE
 10152 | Lair:3   | Reached skill level 15 in Dodging
 10163 | Lair:3   | Reached skill level 6 in Fighting
 10251 | Lair:3   | Received a gift from Okawaru
 10309 | Lair:3   | Found a hole to the Spider Nest.
 10457 | Lair:3   | 10457 ||| RETREEEEATING.
 10461 | Lair:3   | 10461 ||| RETREEEEATING.
 10465 | Lair:3   | 10465 ||| RETREEEEATING.
 10467 | Lair:3   | 10467 ||| RETREEEEATING.
 10722 | Lair:3   | Reached skill level 15 in Ranged Weapons
 10910 | Lair:3   | Found a staircase to the Shoals.
 11057 | Lair:3   | 11057 ||| UPGRADING to +6 ring of dexterity.
 11065 | Lair:3   | 11065 ||| DROPPING +4 ring of protection.
 11093 | Lair:3   | 11093 ||| UPGRADING to +5 ring of evasion.
 11097 | Lair:3   | 11097 ||| DROPPING ring of poison resistance.
 11109 | Lair:3   | 11109 ||| READING 2 scrolls of identify.
 11109 | Lair:3   | 11109 ||| IDENTIFYING scroll labelled EDDAJIS CONE
 11110 | Lair:3   | 11110 ||| DROPPING scroll of immolation.
 11177 | Lair:4   | Reached XP level 13. HP: 65/65 MP: 21/21
 11247 | Lair:4   | Found a staircase to the Slime Pits.
 11247 | Lair:4   | Found a viscous altar of Jiyva.
 11283 | Lair:4   | Received a gift from Okawaru
 11327 | Lair:4   | Reached skill level 16 in Dodging
 11545 | Lair:4   | 11545 ||| Stepping ~*~*~tactically~*~*~ (cloud).
 11550 | Lair:4   | 11550 ||| Stepping ~*~*~tactically~*~*~ (cloud).
 11551 | Lair:4   | 11551 ||| Stepping ~*~*~tactically~*~*~ (cloud).
 11556 | Lair:4   | 11556 ||| Stepping ~*~*~tactically~*~*~ (cloud).
 11738 | Lair:4   | 11738 ||| READING 2 scrolls of identify.
 11738 | Lair:4   | 11738 ||| IDENTIFYING scroll labelled VOTYINN VUTITA
 11739 | Lair:4   | 11739 ||| DROPPING scroll of revelation.
 11743 | Lair:5   | Entered Level 5 of the Lair of Beasts
 11795 | Lair:5   | 11795 ||| RETREEEEATING.
 11797 | Lair:5   | 11797 ||| RETREEEEATING.
 11798 | Lair:5   | 11798 ||| RETREEEEATING.
 11800 | Lair:5   | 11800 ||| RETREEEEATING.
 11802 | Lair:5   | 11802 ||| RETREEEEATING.
 11804 | Lair:5   | 11804 ||| RETREEEEATING.
 11810 | Lair:5   | Reached skill level 17 in Dodging
 11819 | Lair:5   | 11819 ||| RETREEEEATING.
 11821 | Lair:5   | 11821 ||| RETREEEEATING.
 11823 | Lair:5   | 11823 ||| RETREEEEATING.
 11827 | Lair:5   | 11827 ||| RETREEEEATING.
 11912 | Lair:5   | 11912 ||| RETREEEEATING.
 11914 | Lair:5   | 11914 ||| RETREEEEATING.
 11916 | Lair:5   | 11916 ||| RETREEEEATING.
 11925 | Lair:5   | Reached skill level 18 in Dodging
 11927 | Lair:5   | Received a gift from Okawaru
 11928 | Lair:5   | Reached skill level 1 in Armour
 12684 | Lair:5   | 12684 ||| RETREEEEATING.
 12726 | Lair:5   | Received a gift from Okawaru
 12729 | Lair:5   | 12729 ||| INVOKING Finesse.
 12730 | Lair:5   | 12730 ||| INVOKING Heroism.
 12796 | Lair:5   | 12796 ||| RETREEEEATING.
 12799 | Lair:5   | 12799 ||| RETREEEEATING.
 12801 | Lair:5   | 12801 ||| RETREEEEATING.
 12803 | Lair:5   | 12803 ||| RETREEEEATING.
 12864 | Lair:5   | Received a gift from Okawaru
 12865 | Lair:5   | Reached XP level 14. HP: 72/72 MP: 22/22
 13172 | Lair:5   | 13172 ||| PLANNING D:1-11
 13630 | D:11     | 13630 ||| RETREEEEATING.
 13633 | D:11     | 13633 ||| RETREEEEATING.
 13642 | D:11     | Reached skill level 19 in Dodging
 13798 | D:11     | Found a frozen archway.
 13877 | D:11     | 13877 ||| PLANNING D
 13877 | D:11     | 13877 ||| DROPPING scarf of harm.
 13878 | D:11     | 13878 ||| DROPPING +4 robe of Folly {Brill Will-∞ Int+8}.
 13879 | D:11     | 13879 ||| READING 3 scrolls of identify.
 13879 | D:11     | 13879 ||| IDENTIFYING scroll labelled ZINODGHAOT
 13880 | D:11     | 13880 ||| DROPPING scroll of fear.
 13948 | D:12     | Received a gift from Okawaru
 14271 | D:12     | 14271 ||| RETREEEEATING.
 14272 | D:12     | 14272 ||| RETREEEEATING.
 14273 | D:12     | 14273 ||| RETREEEEATING.
 14540 | D:13     | 14540 ||| INVOKING Finesse.
 14543 | D:13     | 14543 ||| FLEEEEING.
 14712 | D:13     | Found a gate to the Vaults.
 14878 | D:13     | 14878 ||| Stepping ~*~*~tactically~*~*~ (cloud).
 14893 | D:13     | Received a gift from Okawaru
 14901 | D:13     | Noticed Lodul
 14904 | D:13     | 14904 ||| ZAPPING wand of light (8) at 5,0 (Lodul; floor).
 14905 | D:13     | 14905 ||| INVOKING Finesse.
 14908 | D:13     | Killed Lodul
 14954 | D:13     | Noticed Sonja
 14955 | D:13     | Killed Sonja
 14966 | D:13     | Identified the +2 robe of the Evening {Regen+}
 15176 | D:13     | Found a glowing silver altar of Zin.
 15432 | D:13     | 15432 ||| DROPPING +0 troll leather armour.
 15433 | D:13     | 15433 ||| READING 2 scrolls of identify.
 15433 | D:13     | 15433 ||| IDENTIFYING bubbling orange potion
 15505 | D:14     | Found a portal to a secret trove of treasure.
 15640 | D:14     | Reached skill level 20 in Dodging
 15821 | D:14     | Received a gift from Okawaru
 15853 | D:14     | 15853 ||| RETREEEEATING.
 15855 | D:14     | 15855 ||| RETREEEEATING.
 16408 | D:14     | 16408 ||| DROPPING ring of fire.
 16452 | D:15     | Entered Level 15 of the Dungeon
 16453 | D:15     | 16453 ||| PLANNING GAUNTLET
 16524 | D:15     | Reached skill level 18 in Ranged Weapons
 16580 | D:15     | 16580 ||| RETREEEEATING.
 16582 | D:15     | 16582 ||| RETREEEEATING.
 16584 | D:15     | 16584 ||| RETREEEEATING.
 16586 | D:15     | 16586 ||| RETREEEEATING.
 16588 | D:15     | 16588 ||| RETREEEEATING.
 16590 | D:15     | 16590 ||| RETREEEEATING.
 16592 | D:15     | 16592 ||| RETREEEEATING.
 16594 | D:15     | 16594 ||| RETREEEEATING.
 16596 | D:15     | 16596 ||| RETREEEEATING.
 16598 | D:15     | 16598 ||| RETREEEEATING.
 16600 | D:15     | 16600 ||| RETREEEEATING.
 16602 | D:15     | 16602 ||| RETREEEEATING.
 16604 | D:15     | 16604 ||| RETREEEEATING.
 16612 | D:15     | 16612 ||| RETREEEEATING.
 16613 | D:15     | 16613 ||| RETREEEEATING.
 16614 | D:15     | 16614 ||| RETREEEEATING.
 16615 | D:15     | 16615 ||| RETREEEEATING.
 16619 | D:15     | 16619 ||| RETREEEEATING.
 16620 | D:15     | 16620 ||| RETREEEEATING.
 16621 | D:15     | 16621 ||| RETREEEEATING.
 16622 | D:15     | 16622 ||| RETREEEEATING.
 16623 | D:15     | 16623 ||| RETREEEEATING.
 16628 | D:15     | Reached XP level 15. HP: 58/75 MP: 23/23
 16736 | D:15     | 16736 ||| RETREEEEATING.
 16737 | D:15     | 16737 ||| RETREEEEATING.
 16738 | D:15     | Found a staircase to the Depths.
 16740 | D:15     | 16740 ||| RETREEEEATING.
 16741 | D:15     | 16741 ||| RETREEEEATING.
 16788 | D:15     | Received a gift from Okawaru
 16793 | D:15     | Got a smoky gem with 1234 turns to spare
 16828 | D:15     | 16828 ||| RETREEEEATING.
 16852 | D:15     | Noticed Nessos
 16856 | D:15     | 16856 ||| INVOKING Finesse.
 16858 | D:15     | Killed Nessos
 16859 | D:15     | Reached skill level 21 in Dodging
 16989 | D:15     | 16989 ||| RIP GAUNTLET
 16990 | D:15     | Noticed Kirke
 16991 | D:15     | 16991 ||| PLANNING D
 16991 | D:15     | 16991 ||| RETREEEEATING.
 16994 | D:15     | 16994 ||| ZAPPING wand of light (7) at -1,-3 (Kirke;
                  | open_door).
 16995 | D:15     | 16995 ||| RETREEEEATING.
 16996 | D:15     | 16996 ||| RETREEEEATING.
 16997 | D:15     | 16997 ||| ZAPPING wand of light (6) at 3,-1 (Kirke; floor).
 16998 | D:15     | 16998 ||| ZAPPING wand of light (5) at 4,-2 (Kirke; floor).
 16999 | D:15     | 16999 ||| RETREEEEATING.
 17000 | D:15     | 17000 ||| ZAPPING wand of light (4) at 4,-1 (Kirke; floor).
 17001 | D:15     | 17001 ||| ZAPPING wand of light (3) at 5,0 (Kirke; floor).
 17002 | D:15     | 17002 ||| ZAPPING wand of light (2) at 4,0 (Kirke; floor).
 17003 | D:15     | 17003 ||| ZAPPING wand of light (1) at 3,1 (Kirke; floor).
 17006 | D:15     | 17006 ||| INVOKING Finesse.
 17007 | D:15     | Killed Kirke
 17326 | D:15     | 17326 ||| FLEEEEING.
 17327 | D:15     | 17327 ||| FLEEEEING.
 17328 | D:15     | 17328 ||| FLEEEEING.
 17329 | D:15     | 17329 ||| FLEEEEING.
 17330 | D:15     | 17330 ||| FLEEEEING.
 17331 | D:15     | 17331 ||| FLEEEEING.
 17332 | D:15     | 17332 ||| FLEEEEING.
 17333 | D:15     | 17333 ||| FLEEEEING.
 17334 | D:15     | 17334 ||| FLEEEEING.
 17335 | D:15     | 17335 ||| FLEEEEING.
 17340 | D:15     | 17340 ||| FLEEEEING.
 17341 | D:15     | 17341 ||| FLEEEEING.
 17342 | D:15     | 17342 ||| FLEEEEING.
 17343 | D:15     | 17343 ||| FLEEEEING.
 17344 | D:15     | 17344 ||| FLEEEEING.
 17345 | D:15     | 17345 ||| FLEEEEING.
 17346 | D:15     | 17346 ||| FLEEEEING.
 17347 | D:15     | 17347 ||| FLEEEEING.
 17348 | D:15     | 17348 ||| FLEEEEING.
 17349 | D:15     | 17349 ||| FLEEEEING.
 17350 | D:15     | 17350 ||| FLEEEEING.
 17351 | D:15     | 17351 ||| FLEEEEING.
 17352 | D:15     | 17352 ||| FLEEEEING.
 17353 | D:15     | 17353 ||| FLEEEEING.
 17354 | D:15     | 17354 ||| FLEEEEING.
 17355 | D:15     | 17355 ||| FLEEEEING.
 17356 | D:15     | 17356 ||| FLEEEEING.
 17358 | D:15     | 17358 ||| FLEEEEING.
 17359 | D:15     | 17359 ||| FLEEEEING.
 17361 | D:15     | 17361 ||| FLEEEEING.
 17362 | D:15     | 17362 ||| FLEEEEING.
 17364 | D:15     | 17364 ||| FLEEEEING.
 17721 | D:15     | 17721 ||| PLANNING ORC
 17831 | Orc:1    | Entered Level 1 of the Orcish Mines
 17835 | Orc:1    | Received a gift from Okawaru
 17836 | Orc:1    | 17836 ||| STAIRDANCE
 17871 | Orc:1    | 17871 ||| STAIRDANCE
 17883 | Orc:1    | 17883 ||| STAIRDANCE
 17889 | Orc:1    | 17889 ||| STAIRDANCE
 18100 | Orc:2    | Entered Level 2 of the Orcish Mines
 18101 | Orc:2    | 18101 ||| PLANNING BAZAAR
 18179 | Orc:2    | Found a flickering gateway to a bazaar.
 18188 | Bazaar   | Entered a bazaar
 18202 | Bazaar   | Found Opolygim's Jewellery Emporium.
 18202 | Bazaar   | Found Buach's Antique Weapon Shoppe.
 18213 | Bazaar   | 18213 ||| BUYING amulet of regeneration (420 gold).
 18213 | Bazaar   | Bought an amulet of regeneration for 420 gold pieces
 18224 | Bazaar   | Found Seoxo's Antique Armour Emporium.
 18224 | Bazaar   | Found Iteibbun's Book Shoppe.
 18235 | Bazaar   | 18235 ||| BUYING runed cloak (120 gold).
 18235 | Bazaar   | Bought a runed cloak for 120 gold pieces
 18246 | Bazaar   | Found Ivoss's Jewellery Emporium.
 18251 | Bazaar   | 18251 ||| BUYING +6 ring of dexterity (252 gold).
 18251 | Bazaar   | Bought a +6 ring of dexterity for 252 gold pieces
 18251 | Bazaar   | 18251 ||| BUYING ring of Makhleb, Smoking {Str+3 Dex+6}
                  | (345 gold).
 18251 | Bazaar   | Bought the ring of Makhleb, Smoking {Str+3 Dex+6} for 345
                  | gold pieces
 18262 | Bazaar   | Found Zokly's Distillery.
 18262 | Bazaar   | Found Rionkara's Armour Shoppe.
 18271 | Bazaar   | 18271 ||| BUYING 2 potions of enlightenment (150 gold).
 18271 | Bazaar   | Bought 2 potions of enlightenment for 150 gold pieces
 18271 | Bazaar   | 18271 ||| BUYING 2 potions of might (120 gold).
 18271 | Bazaar   | Bought 2 potions of might for 120 gold pieces
 18271 | Bazaar   | 18271 ||| BUYING potion of curing (45 gold).
 18271 | Bazaar   | Bought a potion of curing for 45 gold pieces
 18271 | Bazaar   | 18271 ||| BUYING potion of enlightenment (75 gold).
 18271 | Bazaar   | Bought a potion of enlightenment for 75 gold pieces
 18271 | Bazaar   | 18271 ||| BUYING potion of enlightenment (75 gold).
 18271 | Bazaar   | Bought a potion of enlightenment for 75 gold pieces
 18271 | Bazaar   | 18271 ||| BUYING potion of haste (150 gold).
 18271 | Bazaar   | Bought a potion of haste for 150 gold pieces
 18271 | Bazaar   | 18271 ||| BUYING potion of haste (150 gold).
 18271 | Bazaar   | Bought a potion of haste for 150 gold pieces
 18271 | Bazaar   | 18271 ||| BUYING potion of might (60 gold).
 18271 | Bazaar   | Bought a potion of might for 60 gold pieces
 18271 | Bazaar   | 18271 ||| BUYING potion of mutation (120 gold).
 18271 | Bazaar   | Bought a potion of mutation for 120 gold pieces
 18294 | Bazaar   | 18294 ||| DROPPING +1 cloak of preservation.
 18295 | Bazaar   | 18295 ||| UPGRADING to amulet of regeneration.
 18300 | Bazaar   | 18300 ||| DROPPING amulet of guardian spirit.
 18301 | Bazaar   | 18301 ||| DROPPING ring of protection from fire.
 18302 | Bazaar   | 18302 ||| UPGRADING to +6 ring of dexterity.
 18304 | Bazaar   | 18304 ||| UPGRADING to ring of Makhleb, Smoking {Str+3
                  | Dex+6}.
 18306 | Bazaar   | 18306 ||| DROPPING +5 ring of evasion.
 18307 | Bazaar   | 18307 ||| DROPPING +6 ring of dexterity.
 18311 | Orc:2    | 18311 ||| PLANNING ORC
 18360 | Orc:1    | 18360 ||| INVOKING Finesse.
 18530 | Orc:1    | Found a transporter.
 18593 | Orc:2    | Found Ifris's Jewellery Boutique.
 18611 | Orc:2    | 18611 ||| BUYING amulet of reflection (510 gold).
 18611 | Orc:2    | Bought an amulet of reflection for 510 gold pieces
 18732 | Orc:2    | Found Ankadw Wiro's Distillery.
 18739 | Orc:2    | 18739 ||| BUYING potion of curing (48 gold).
 18739 | Orc:2    | Bought a potion of curing for 48 gold pieces
 18739 | Orc:2    | 18739 ||| BUYING potion of curing (48 gold).
 18739 | Orc:2    | Bought a potion of curing for 48 gold pieces
 18739 | Orc:2    | 18739 ||| BUYING potion of curing (48 gold).
 18739 | Orc:2    | Bought a potion of curing for 48 gold pieces
 18739 | Orc:2    | 18739 ||| BUYING potion of curing (48 gold).
 18739 | Orc:2    | Bought a potion of curing for 48 gold pieces
 18755 | Orc:2    | Reached skill level 22 in Dodging
 18761 | Orc:2    | 18761 ||| INVOKING Finesse.
 18800 | Orc:2    | Found Liugusyuh's Distillery.
 18802 | Orc:2    | Found Sojugicy's Assorted Antiques.
 18808 | Orc:2    | 18808 ||| BUYING potion of curing (30 gold).
 18808 | Orc:2    | Bought a potion of curing for 30 gold pieces
 18808 | Orc:2    | 18808 ||| BUYING potion of curing (30 gold).
 18808 | Orc:2    | Bought a potion of curing for 30 gold pieces
 18808 | Orc:2    | 18808 ||| SHOPLISTING potion of haste (100 gold, have 17).
 18808 | Orc:2    | 18808 ||| SHOPLISTING potion of heal wounds (50 gold, have
                  | 17).
 18812 | Orc:2    | 18812 ||| SHOPLISTING +7 hand cannon "Mule" {flame,
                  | backblast, rF+} (1437 gold, have 17).
 18812 | Orc:2    | 18812 ||| SHOPLISTING scroll of identify (52 gold, have
                  | 17).
 18981 | Orc:2    | Found a staircase to the Elven Halls.
 19167 | Orc:2    | Found Xewkimuf's Assorted Antiques.
 19168 | Orc:2    | 19168 ||| RETREEEEATING.
 19169 | Orc:2    | 19169 ||| RETREEEEATING.
 19170 | Orc:2    | 19170 ||| RETREEEEATING.
 19171 | Orc:2    | 19171 ||| RETREEEEATING.
 19172 | Orc:2    | 19172 ||| RETREEEEATING.
 19173 | Orc:2    | 19173 ||| RETREEEEATING.
 19174 | Orc:2    | 19174 ||| RETREEEEATING.
 19175 | Orc:2    | 19175 ||| RETREEEEATING.
 19176 | Orc:2    | 19176 ||| RETREEEEATING.
 19177 | Orc:2    | 19177 ||| RETREEEEATING.
 19178 | Orc:2    | 19178 ||| RETREEEEATING.
 19179 | Orc:2    | 19179 ||| RETREEEEATING.
 19207 | Orc:2    | 19207 ||| BUYING scroll of teleportation (81 gold).
 19207 | Orc:2    | Bought a scroll of teleportation for 81 gold pieces
 19207 | Orc:2    | 19207 ||| SHOPLISTING wand of light (4) (453 gold, have
                  | 39).
 19207 | Orc:2    | 19207 ||| PLANNING SPIDER:1-3
 19207 | Orc:2    | 19207 ||| UPGRADING to amulet of reflection.
 19217 | Orc:2    | 19217 ||| DROPPING amulet of regeneration.
 19439 | Spider:1 | Entered Level 1 of the Spider Nest
 19440 | Spider:1 | 19440 ||| RETREEEEATING.
 19441 | Spider:1 | 19441 ||| RETREEEEATING.
 19442 | Spider:1 | 19442 ||| RETREEEEATING.
 19443 | Spider:1 | 19443 ||| RETREEEEATING.
 19444 | Spider:1 | 19444 ||| RETREEEEATING.
 19445 | Spider:1 | 19445 ||| INVOKING Finesse.
 19446 | Spider:1 | 19446 ||| INVOKING Heroism.
 19483 | Spider:1 | Reached skill level 23 in Dodging
 19485 | Spider:1 | Received a gift from Okawaru
 19625 | Spider:1 | Noticed an emperor scorpion
 19626 | Spider:1 | 19626 ||| INVOKING Finesse.
 19633 | Spider:1 | Killed an emperor scorpion
 19752 | Spider:1 | Noticed Donald
 19753 | Spider:1 | 19753 ||| RETREEEEATING.
 19758 | Spider:1 | 19758 ||| INVOKING Finesse.
 19762 | Spider:1 | Killed Donald
 19769 | Spider:1 | Reached XP level 16. HP: 81/81 MP: 19/24
 19838 | Spider:1 | Noticed Frances
 19839 | Spider:1 | 19839 ||| RETREEEEATING.
 19840 | Spider:1 | 19840 ||| RETREEEEATING.
 19842 | Spider:1 | 19842 ||| RETREEEEATING.
 19843 | Spider:1 | 19843 ||| RETREEEEATING.
 19845 | Spider:1 | 19845 ||| RETREEEEATING.
 19846 | Spider:1 | 19846 ||| RETREEEEATING.
 19847 | Spider:1 | 19847 ||| RETREEEEATING.
 19848 | Spider:1 | 19848 ||| RETREEEEATING.
 19849 | Spider:1 | 19849 ||| RETREEEEATING.
 19850 | Spider:1 | 19850 ||| RETREEEEATING.
 19851 | Spider:1 | 19851 ||| RETREEEEATING.
 19852 | Spider:1 | 19852 ||| RETREEEEATING.
 19854 | Spider:1 | 19854 ||| INVOKING Finesse.
 19879 | Spider:1 | Killed Frances
 19880 | Spider:1 | Reached skill level 24 in Dodging
 20103 | Spider:1 | 20103 ||| RETREEEEATING.
 20105 | Spider:1 | Noticed Nikola
 20106 | Spider:1 | 20106 ||| RETREEEEATING.
 20109 | Spider:1 | 20109 ||| RETREEEEATING.
 20114 | Spider:1 | Received a gift from Okawaru
 20116 | Spider:1 | 20116 ||| INVOKING Finesse.
 20119 | Spider:1 | HP: 18/81 [Nikola/arc of chain lightning (44)]
 20120 | Spider:1 | 20120 ||| READING 7 scrolls of teleportation.
 20121 | Spider:1 | 20121 ||| DRINKING potion of heal wounds.
 20126 | Spider:1 | 20126 ||| RETREEEEATING.
 20127 | Spider:1 | 20127 ||| DRINKING 3 potions of resistance.
 20127 | Spider:1 | HP: 16/81 [demonic crawler (5)]
 20128 | Spider:1 | 20128 ||| READING 6 scrolls of teleportation.
 20128 | Spider:1 | Slain by a demonic crawler

Levels and vault maps discovered:
D:1:      roderic_crop_circles_arrival_small, layout_basic
D:2:      layout_rooms
D:3:      layout_loops_ring, nicolae_ru_great_annihilating_truth,
          amcnicky_altar_gilded, minmay_splitting_lines
D:4:      layout_loops_ring, mainiacjoe_overflow_alcove_1, serial_forest,
          infiniplex_forest_clump_double, infiniplex_forest_clump_double,
          infiniplex_forest_clump_C, infiniplex_forest_pool,
          infiniplex_forest_zigzag_1
D:5:      layout_rooms, kennysheep_generic_room_4, uniq_sigmund
D:6:      layout_basic, serial_shops, shop
D:7:      layout_layer_cave, marbit_many_paths, minmay_temple_entry_grid
D:8:      layout_basic, vehumet_altar_wand_db, uniq_erica, uniq_amaemon
D:9:      layout_cave_pods, orc_0_dummy, kennysheep_diamond
D:10:     layout_basic, lemuel_tele_altar, lemuel_round_altar,
          mainiacjoe_overflow_cross_hatched, nemelex_xobeh_ov_fountains_minmay,
          minmay_lair_entry_grove, minmay_holes
D:11:     layout_long_grid, portal_ice_cave_demonic_guard, wad_dig_loot
D:12:     layout_roguey, hangedman_decor_peaks_small
D:13:     layout_gridville, hellmonk_vaults_order_and_chaos, minivault_10,
          zin_scriptorium, uniq_lodul, uniq_sonja
D:14:     minmay_inner_zag, layout_small_grid, grunt_decor_cap,
          nicolae_trove_entry_free_sample, kennysheep_potato
D:15:     gammafunk_depths_entry_grave, layout_stronghold,
          gauntlet_entry_generic, roderic_lattice_a, nicolae_figureground_pulse,
          uniq_nessos, uniq_kirke
Temple:   cyrus_circular_temple
Lair:1:   layout_regular_city, kennysheep_abandoned_house,
          infiniplex_staircase_pool_2, grunt_megastairs_4
Lair:2:   layout_layer_cave
Lair:3:   cheibrodos_magma_flow, layout_long_grid, minmay_shoals_entry_hut,
          dummy_spider_entry, chequers_serial_rivers_micro_b
Lair:4:   layout_gridlike, minmay_slime_entry_jelly_boxes
Lair:5:   grunt_lair_end_beastmaster, layout_cave_pods,
          chequers_serial_rivers_micro_b
Spider:1: nicolae_spider_hall_of_the_moth_king, nicolae_spider_checkerboard,
          uniq_nikola, uniq_donald, uniq_frances
Orc:1:    emtedronai_trogs_sanctum, layout_diamond_mine, basic_altar
Orc:2:    hellmonk_orc_salted, layout_caves, serial_shops, bzr_entry_water,
          minmay_shop_enchanted_jewellery

Skill      XL: |  1  2  3  4  5  6  7  8  9 10 11 12 13 14 15 16 |
---------------+-------------------------------------------------+-----
Dodging        | 3 4 5 7 8 10 11 12 13 15 18 20 23 24 | 24.1
Ranged Weapons | 5 6 8 9 11 12 13 15 16 18 | 18.0
Fighting       | 2 3 4 5 6 7 8 |  8.0
Invocations    | 4 6 9 10 | 10.0
Armour         | 1 |  1.1
Stealth        | |  1.5

Action                     |  1- 3 |  4- 6 |  7- 9 | 10-12 | 13-15 | 16-18 || total
---------------------------+-------+-------+-------+-------+-------+-------++-------
   Fire: Shortbow          |   130 |   119 |   186 |   299 |       |       ||   734
         Arbalest          |       |       |       |   230 |   962 |    58 ||  1250
 Invoke: Heroism           |       |       |     2 |     2 |     2 |       ||     6
         Finesse           |       |       |       |     3 |    10 |     2 ||    15
         Receive Weapon    |       |       |       |     1 |       |       ||     1
         Receive Armour    |       |       |       |     1 |       |       ||     1
  Evoke: Wand              |       |       |       |       |     8 |       ||     8
    Use: Scroll            |     3 |     6 |     7 |     8 |     3 |     2 ||    29
         Potion            |     2 |       |     2 |     2 |       |     2 ||     8
 Armour: Robe              |    16 |    13 |    13 |    50 |    50 |    10 ||   152
  Dodge: Dodged            |    96 |    17 |    32 |   276 |   446 |    42 ||   909
  Block: Other             |       |       |       |       |    16 |     4 ||    20
         Reflection        |       |       |       |       |     1 |       ||     1

Table legend:
 A = Non-vault XP
 B = Vault XP
 C = Vault XP percentage of total XP
 D = Non-vault monster count
 E = Vault monster count
 F = Vault count percentage of total count
                 A         B        C        D         E       F
            +---------+---------+-------+---------+---------+-------
      Total |  111786 |   47327 |  29.7 |     539 |     161 |  23.0
            +---------+---------+-------+---------+---------+-------
        D:1 |      36 |       0 |   0.0 |      21 |       0 |   0.0
        D:2 |      35 |       0 |   0.0 |      15 |       0 |   0.0
        D:3 |      77 |      39 |  33.6 |      21 |       4 |  16.0
        D:4 |     316 |       0 |   0.0 |      17 |       0 |   0.0
        D:5 |     898 |     339 |  27.4 |      19 |       3 |  13.6
        D:6 |    1134 |       0 |   0.0 |      24 |       0 |   0.0
        D:7 |     472 |      44 |   8.5 |       9 |       1 |  10.0
        D:8 |    1543 |    1983 |  56.2 |      20 |       4 |  16.7
        D:9 |     948 |     559 |  37.1 |      18 |       4 |  18.2
       D:10 |    2908 |    1396 |  32.4 |      20 |       8 |  28.6
       D:11 |    4593 |    1155 |  20.1 |      20 |       4 |  16.7
       D:12 |    5792 |       0 |   0.0 |      24 |       0 |   0.0
       D:13 |    4730 |    4140 |  46.7 |      19 |      11 |  36.7
       D:14 |   10086 |    2906 |  22.4 |      25 |       6 |  19.4
       D:15 |   12532 |    8327 |  39.9 |      27 |      12 |  30.8
     Lair:1 |    8333 |    1871 |  18.3 |      33 |      21 |  38.9
     Lair:2 |    7060 |       0 |   0.0 |      26 |       0 |   0.0
     Lair:3 |    5889 |    1599 |  21.4 |      28 |       9 |  24.3
     Lair:4 |    6667 |     643 |   8.8 |      26 |      15 |  36.6
     Lair:5 |   13111 |    8781 |  40.1 |      31 |      18 |  36.7
   Spider:1 |   20069 |    4004 |  16.6 |      62 |       3 |   4.6
      Orc:1 |    3582 |       0 |   0.0 |      21 |       0 |   0.0
      Orc:2 |     975 |    9541 |  90.7 |      13 |      38 |  74.5
            +---------+---------+-------+---------+---------+-------
